 Dungeon Crawl Stone Soup version 0.22-a0-398-g8bb545f (webtiles) character file.

282 DrEnzyme the Magician (level 6, -2/42 HPs)
             Began as a Human Wanderer on May 4, 2018.
             Slain by a howler monkey skeleton (4 damage)
             ... on level 4 of the Dungeon.
             The game lasted 00:19:09 (5144 turns).

DrEnzyme the Magician (Human Wanderer)              Turns: 5144, Time: 00:19:09

Health: -2/42      AC:  2    Str: 11    XL:     6   Next: 54%
Magic:  0/12       EV: 11    Int: 19    God:
Gold:   132        SH:  4    Dex: 14    Spells: 12/15 levels left

rFire    + . .     SeeInvis .   d - +0 dagger
rCold    + . .     Gourm    .   b - +0 buckler
rNeg     . . .     Faith    .   c - +0 robe
rPois    .         Spirit   .   (helmet restricted)
rElec    .         Reflect  .   p - scarf {rC+ rF+}
rCorr    .         Harm     .   (no gloves)
MR       .....                  (no boots)
Stlth    +++.......             (no amulet)
HPRegen  0.14/turn              j - ring of stealth
MPRegen  0.13/turn              (no ring)

@: brilliant, lethally poisoned (-2 -> -5), very slightly contaminated,
invisible
A: antennae 1, low mp 1
a: no special abilities


You were on level 4 of the Dungeon.
You were hungry.

You visited 1 branch of the dungeon, and saw 4 of its levels.

You collected 132 gold pieces.

Inventory:

Hand Weapons
 d - a +0 dagger (weapon)
 r - a +1 hunting sling of freezing
Missiles
 a - 52 poisoned needles (quivered)
 s - 31 sling bullets
Armour
 b - a +0 buckler (worn)
 c - a +0 robe (worn)
 h - a cursed +0 leather armour
 p - a scarf of resistance (worn)
 v - a +0 leather armour of poison resistance
Jewellery
 g - a cursed ring of loudness
 j - a ring of stealth (left hand)
 l - an uncursed amulet of guardian spirit {unknown}
Wands
 n - a wand of polymorph (13)
Scrolls
 e - a scroll of enchant weapon {unknown}
 i - a scroll of blinking {unknown}
 o - 3 scrolls of magic mapping
 t - a scroll of remove curse {unknown}
Potions
 q - a potion of invisibility
Comestibles
 f - 2 rations


   Skills:
 + Level 0.8 Fighting
 + Level 0.3 Short Blades
 * Level 1.4 Dodging
 + Level 0.6 Stealth
 + Level 1.1 Shields
 + Level 5.3 Spellcasting
 + Level 2.6 Conjurations
   Level 1.0 Hexes
   Level 1.0 Ice Magic
 + Level 3.1 Air Magic
 + Level 1.0 Evocations


You had 12 spell levels left.
You knew the following spells:

 Your Spells              Type           Power        Failure   Level  Hunger
a - Shock                 Conj/Air       ####         1%          1    None
b - Swiftness             Chrm/Air       ###.....     1%          2    None


Dungeon Overview and Level Annotations

Branches:
Dungeon (4/15)
 Temple: D:4-7

Altars:
Dithmenos
Elyvilon
Kikubaaqudgha
Yredelemnul
Zin
The Shining One

Annotations:
D:1 exclusion: downstairs
D:2 exclusion: downstairs
D:3 Grinder


Innate Abilities, Weirdness & Mutations

You have a pair of small antennae on your head.
Your magical capacity is low. (-10% MP)


Message History

* * * LOW HITPOINT WARNING * * *
You feel sick.
Casting: Shock (safe; 1% risk of failure)
Confirm with . or Enter, or press ? or * to list all spells.
Aiming: Shock (safe; 1% risk of failure)
Press: ? - help, Shift-Dir - straight line, f - howler monkey skeleton
Aim: a howler monkey skeleton The zap hits the howler monkey skeleton.
The howler monkey skeleton is lightly damaged.
The howler monkey skeleton closely misses you.
Casting: Shock (safe; 1% risk of failure)
Confirm with . or Enter, or press ? or * to list all spells.
Aiming: Shock (safe; 1% risk of failure)
Press: ? - help, Shift-Dir - straight line, f/p - howler monkey skeleton
Aim: a howler monkey skeleton (lightly damaged)
The zap hits the howler monkey skeleton.
The howler monkey skeleton is moderately damaged.
* * * LOW HITPOINT WARNING * * *
You feel sick. The howler monkey skeleton hits you.
You die...

### #.. #.#
###.#
#####...###
#.......%.#
#......@..#
#.....Z...#
#....<.)..#
#.........#
#.!.......#
###########


You could see a howler monkey skeleton.

Vanquished Creatures
  A scorpion (D:3)
  An orc priest (D:3)
  2 orc wizards (D:2)
  A worker ant (D:2)
  2 adders
  An ooze (D:1)
  3 worms (D:3)
  4 dart slugs
  A leopard gecko (D:2)
  11 orcs
  6 bats
  3 giant cockroaches (D:1)
  7 goblins
  9 hobgoblins
  3 jackals
  2 quokkas
  2 ball pythons
  3 frilled lizards
  4 kobolds
  A quokka skeleton (D:2)
  8 rats
75 creatures vanquished.

Notes
Turn   | Place    | Note
-------+----------+-------------------------------------------
     0 | D:1      | DrEnzyme the Human Wanderer began the quest for the Orb.
     0 | D:1      | DrEnzyme set off with: a +0 buckler, a +0 robe, a +0 dagger, a ration
     0 | D:1      | Reached XP level 1. HP: 13/13 MP: 5/5
     2 | D:1      | Learned a level 1 spell: Shock
   284 | D:1      | Reached XP level 2. HP: 16/19 MP: 7/7
   563 | D:1      | Reached XP level 3. HP: 20/24 MP: 0/9
  1372 | D:2      | Reached skill level 1 in Conjurations
  1372 | D:2      | Reached XP level 4. HP: 22/30 MP: 5/10
  2241 | D:2      | Learned a level 2 spell: Swiftness
  2427 | D:2      | Reached XP level 5. HP: 36/36 MP: 6/12
  2476 | D:2      | Found a faded altar of an unknown god.
  3381 | D:3      | Noticed Grinder
  3610 | D:3      | Reached skill level 1 in Dodging
  3915 | D:3      | Found a glowing golden altar of the Shining One.
  4018 | D:3      | Reached skill level 5 in Spellcasting
  4054 | D:3      | Found a shadowy altar of Dithmenos.
  4054 | D:3      | Found a basalt altar of Yredelemnul.
  4056 | D:3      | Found an ancient bone altar of Kikubaaqudgha.
  4058 | D:3      | Found a glowing silver altar of Zin.
  4060 | D:3      | Found a white marble altar of Elyvilon.
  4561 | D:3      | Reached XP level 6. HP: 41/42 MP: 1/13
  5138 | D:3      | Gained mutation: You expend magic power (3 MP) to strengthen your wands. [potion of mutation]
  5138 | D:3      | Lost mutation: You expend magic power (3 MP) to strengthen your wands. [potion of mutation]
  5138 | D:3      | Gained mutation: Your magical capacity is low. (-10% MP) [potion of mutation]
  5138 | D:3      | Gained mutation: You have a pair of small antennae on your head. [potion of mutation]
  5142 | D:4      | HP: 2/42 [poisoned by a scorpion]
  5144 | D:4      | Slain by a howler monkey skeleton

Vault maps used:
D:1:      mrwooster_arrival_arrow
D:2:      chequers_ecumenical_altar_island
D:3:      grunt_temple_overflow_open, nicolae_tso_swordbearing_angel,
          uniq_grinder
D:4:      minmay_temple_entry_mist, gup_sewer_entry_pipe, uniq_ijyb

Skill      XL: |  1  2  3  4  5 |
---------------+----------------+-----
Conjurations   | 1 2 |  2.6
Dodging        | 1 |  1.4
Air Magic      | 3 |  3.1
Spellcasting   | 5 |  5.3
Fighting       | |  0.8
Short Blades   | |  0.3
Stealth        | |  0.6
Shields        | |  1.1
Hexes          | |  1.0
Ice Magic      | |  1.0
Evocations     | |  1.0

Action                   |  1- 3 |  4- 6 || total
-------------------------+-------+-------++-------
Melee: Dagger            |    26 |    15 ||    41
 Cast: Shock             |    68 |   180 ||   248
       Swiftness         |       |     1 ||     1
  Use: Scroll            |       |     3 ||     3
       Potion            |       |     3 ||     3
  Eat: Chunk             |       |    12 ||    12
Armor: Robe              |    11 |     3 ||    14
Dodge: Dodged            |    24 |    43 ||    67
Block: Buckler           |    11 |     8 ||    19

Table legend:
 A = Spawn XP
 B = Non-spawn XP
 C = Spawn XP percentage of total XP
 D = Spawn monster count
 E = Non-spawn monster count
 F = Spawn count percentage of total count
 G = Total turns spent on level
                    A         B        C        D         E        F      G
               +---------+---------+-------+---------+---------+-------+---------
         Total |       0 |     404 |   0.0 |       0 |      75 |   0.0 |  5144
               +---------+---------+-------+---------+---------+-------+---------
           D:1 |       0 |      43 |   0.0 |       0 |      22 |   0.0 |  1277
           D:2 |       0 |     168 |   0.0 |       0 |      25 |   0.0 |  2228
           D:3 |       0 |     193 |   0.0 |       0 |      28 |   0.0 |  1630
               +---------+---------+-------+---------+---------+-------+---------
